 Dungeon Crawl Stone Soup version 0.31-a0-331-geda263fcf1 (webtiles) character file.

Game seed: 11372889687399134882

193 javelincjr the Trooper (level 5, -9/42 HPs)
             Began as a Demonspawn Fighter on July 19, 2023.
             Was an Initiate of Jiyva.
             Mangled by an orc warrior
             ... wielding a +0 flail
              (14 damage)
             ... on level 4 of the Dungeon.
             The game lasted 00:05:48 (1606 turns).

javelincjr the Trooper (Demonspawn Fighter)         Turns: 1606, Time: 00:05:49

Health: -9/42      AC:  9    Str: 19    XL:     5   Next: 44%
Magic:  5/5        EV:  9    Int:  9    God:    Jiyva [......]
Gold:   74         SH:  4    Dex: 12    Spells: 4/4 levels left

rFire   . . .        a - +0 trident
rCold   . . .        c - +0 buckler
rNeg    . . .        b - +0 scale mail
rPois   .            (no helmet)
rElec   .            (no cloak)
rCorr   .            (no gloves)
SInv    .            (no boots)
Will    .....        (no amulet) Stlth
                     i - ring of flight
HPRegen 0.27/turn    (no ring)
MPRegen 0.09/turn

%: no passive effects
@: mighty, flying
A: claws 1, icy blue scales 2
a: Renounce Religion


You were on level 4 of the Dungeon.
You worshipped Jiyva.
Jiyva was noncommittal.
You visited 1 branch of the dungeon, and saw 3 of its levels.
You also visited: Sewer.

You collected 74 gold pieces.

Inventory:

Hand Weapons
 a - a +0 trident (weapon)
Missiles
 e - 7 poisoned darts
 h - 5 stones
Armour
 b - a +0 scale mail (worn)
 c - a +0 buckler (worn)
Jewellery
 i - a ring of flight (left claw)
Scrolls
 g - a scroll of teleportation {unknown}
 j - a scroll of noise {unknown}
 o - a scroll of identify {unknown}
 p - a scroll of poison {unknown}
Potions
 d - a potion of might
 f - 2 potions of curing {unknown}
 k - 2 potions of cancellation {unknown}
 l - a potion of berserk rage {unknown}
 m - a potion of brilliance {unknown}
 n - 2 potions of haste {unknown}


   Skills:
 + Level 4.1 Fighting
 + Level 3.0 Polearms
 + Level 3.6 Armour
 + Level 3.6 Shields


You had 4 spell levels left.
You didn't know any spells.
Your spell library was empty.

Dungeon Overview and Level Annotations

Branches:
Dungeon (4/15)              Sewer (visited)
 Temple: D:4-7

Altars:

Annotations:
D:4 3 runed translucent doors, hotbaconsauce's ghost, novice HOMo; wormstring's ghost, amateur FeSh


Innate Abilities, Weirdness & Mutations

You have sharp fingernails.
You are mostly covered in icy blue scales. (AC +3)


Message History

The orc warrior hits you with a +0 flail.
You closely miss the orc warrior.
The orc warrior is lightly wounded.
The orc warrior closely misses you.
You puncture the orc warrior!
The orc warrior is heavily wounded.
The orc warrior hits you with a +0 flail.
You barely miss the orc warrior.
The orc warrior is heavily wounded.
An orc wizard comes into view. It is wielding a +0 dagger.
The orc warrior closely misses you.
The orc warrior hits you with a +0 flail.
You closely miss the orc warrior.
The orc warrior is heavily wounded.
The orc wizard shouts!
The orc warrior completely misses you.
You hit the orc warrior but do no damage.
The orc warrior is heavily wounded.
The orc warrior hits you with a +0 flail.
You hit the orc warrior but do no damage.
The orc warrior is heavily wounded.
The orc warrior barely misses you.
You hit the orc warrior but do no damage.
The orc warrior is heavily wounded.
The orc warrior hits you with a +0 flail.
You closely miss the orc warrior.
The orc warrior is heavily wounded.
The orc warrior closely misses you.
You hit the orc warrior but do no damage.
The orc warrior is heavily wounded.
The orc warrior hits you with a +0 flail.
* * * LOW HITPOINT WARNING * * *
You block the orc warrior's attack.
You closely miss the orc warrior.
The orc warrior is moderately wounded.
The orc warrior hits you with a +0 flail!
* * * LOW HITPOINT WARNING * * *
You feel very mighty all of a sudden.
The orc warrior hits you with a +0 flail!
You die...

### ..# ##### #o#
##...## #o# ##.###.##
#o# #.## ##.#### #o# #.#
#..... #@# #.## ##.####
#.# ##.###.## #.#
###...###### #.#
#..........# ###.#
#.##.......# ##.#.#
#.#####....#
####....#####.####....##
+.......................
####......########..>.##


You could see an orc warrior, an orc wizard and 2 orcs.

Vanquished Creatures
  3 jellies (Sewer)
  4 river rats (Sewer)
  An adder (Sewer)
  A worm (Sewer)
  A dart slug (D:1)
  2 orcs (D:4)
  8 endoplasms
  3 giant cockroaches
  2 goblins
  6 hobgoblins
  A kobold (D:1)
  4 ball pythons
  6 bats
  7 frilled lizards
  4 rats
53 creatures vanquished.

Notes
Turn   | Place    | Note
-------+----------+-------------------------------------------
     0 | D:1      | javelincjr the Demonspawn Fighter began the quest for the
                  | Orb.
     0 | D:1      | Reached XP level 1. HP: 18/18 MP: 1/1
   118 | D:1      | Gained mutation: You have sharp fingernails. [demonic
                  | ancestry]
   118 | D:1      | Reached XP level 2. HP: 24/24 MP: 2/2
   632 | D:2      | Gained mutation: You are partially covered in icy blue
                  | scales. (AC +2) [demonic ancestry]
   632 | D:2      | Reached XP level 3. HP: 29/29 MP: 3/3
   740 | D:2      | You fall into a shaft and drop 2 floors!
   795 | D:4      | Found a glowing drain.
   805 | Sewer    | Entered a sewer
  1014 | Sewer    | Reached XP level 4. HP: 15/37 MP: 4/4
  1236 | Sewer    | Gained mutation: You are mostly covered in icy blue scales.
                  | (AC +3) [demonic ancestry]
  1236 | Sewer    | Reached XP level 5. HP: 37/42 MP: 5/5
  1241 | Sewer    | Reached skill level 4 in Fighting
  1302 | Sewer    | Found a viscous altar of Jiyva.
  1369 | Sewer    | Became a worshipper of Jiyva Jahapezu the Shapeless
  1569 | D:4      | Found a runed translucent gate.
  1569 | D:4      | Found a runed translucent gate.
  1570 | D:4      | Found a runed translucent gate.
  1572 | D:4      | Noticed wormstring's ghost (amateur FeSh)
  1572 | D:4      | Noticed hotbaconsauce's ghost (novice HOMo)
  1585 | D:4      | Noticed an orc warrior
  1606 | D:4      | Mangled by an orc warrior

Illustrated notes

Levels and vault maps discovered:
D:1:      amcnicky_arrival_choice, layout_loops_cross
D:2:      layout_basic, kennysheep_crisscross
D:4:      layout_loops_corners, minitemple, gammafunk_ghost_cemetery,
          portal_sewer_entry_a

Skill      XL: |  1  2  3  4  5 |
---------------+----------------+-----
Polearms       | 2 3 |  3.0
Armour         | 3 |  3.6
Shields        | 3 |  3.6
Fighting       | 4 |  4.1

Action                     |  1- 3 |  4- 6 || total
---------------------------+-------+-------++-------
  Melee: Trident           |   128 |    96 ||   224
    Use: Potion            |       |     1 ||     1
 Armour: Scale mail        |    61 |    22 ||    83
  Dodge: Dodged            |    49 |    40 ||    89
  Block: Buckler           |    29 |    17 ||    46

Table legend: (Time is in decaauts)
 A = Elapsed time spent in this place.
 B = Non-inter-level travel time spent in this place.
 C = Inter-level travel time spent in this place.
 D = Time resting spent in this place.
 E = Time spent auto-exploring this place.
 F = Levels seen in this place.
 G = Mean time per level.
                   A        B        C        D        E       F      G
               +--------+--------+--------+--------+--------+-----+--------+
         Total |   1664 |   1654 |     10 |      0 |   1157 |   4 |  416.0 |
       Dungeon |    979 |    969 |     10 |      0 |    713 |   3 |  326.3 |
         Sewer |    685 |    685 |      0 |      0 |    444 |   1 |  685.0 |
               +--------+--------+--------+--------+--------+-----+--------+

Top non-repeatable levels by time:
   Sewer: 685 daAuts
     D:1: 623 daAuts
     D:4: 222 daAuts
     D:2: 133 daAuts
